 Dungeon Crawl Stone Soup version 0.29.1-1-gd02db6906a (webtiles) character file.

Game seed: 1234048702930790695

3591 groovy9 the Skirmisher (level 9, -3/82 HPs)
             Began as a Minotaur Hunter on Sept 15, 2022.
             Was an Initiate of Hepliaklqana.
             Slain by a vampire
             ... wielding a +0 short sword
              (10 damage)
             ... on level 5 of the Dungeon.
             The game lasted 00:25:50 (8114 turns).

groovy9 the Skirmisher (Minotaur Hunter)            Turns: 8114, Time: 00:25:51

Health: -3/82      AC:  8    Str: 16    XL:     9   Next: 85%
Magic:  8/8        EV: 20    Int:  6    God:    Hepliaklqana [......]
Gold:   152        SH:  0    Dex: 18    Spells: 8/8 levels left

rFire   + . .      SeeInvis +   a - +0 shortbow
rCold   + . .      Faith    .   (shield currently unavailable)
rNeg    . . .      Spirit   .   x - +3 leather armour
rPois   +          Reflect  .   (helmet restricted)
rElec   +          Harm     .   (no cloak)
rCorr   +          Rampage  .   e - +0 pair of gloves
Will    .....                   h - +0 pair of boots {Fly}
Stlth   ++........              (no amulet)
HPRegen 0.23/turn               p - ring of see invisible
MPRegen 0.11/turn               m - +4 ring of evasion

@: resistant, flying
A: horns 2, retaliatory headbutt
a: Renounce Religion


You were on level 5 of the Dungeon.
You worshipped Hepliaklqana.
Hepliaklqana was noncommittal.
You visited 2 branches of the dungeon, and saw 7 of its levels.

You collected 256 gold pieces.
You spent 104 gold pieces at shops.

Inventory:

Hand Weapons
 a - a +0 shortbow (weapon)
Missiles
 o - a throwing net
Armour
 c - a +0 leather armour
 e - a +0 pair of gloves (worn)
 h - a +0 pair of boots of flying (worn)
 x - a +3 leather armour (worn)
Jewellery
 g - a ring of protection from fire
 m - a +4 ring of evasion (right hand)
 p - a ring of see invisible (left hand)
Wands
 t - a wand of digging (6)
 v - a wand of iceblast (6)
Scrolls
 b - 3 scrolls of immolation
 j - a scroll of poison
 n - a scroll of enchant weapon
Potions
 d - 2 potions of brilliance
 f - a potion of berserk rage
 k - a potion of flight
 l - a potion of attraction
 q - 2 potions of cancellation
 s - 3 potions of mutation


   Skills:
 + Level 8.8 Fighting
 * Level 11.8 Ranged Weapons
 + Level 8.1 Dodging
 - Level 0.7 Stealth


You had 8 spell levels left.
You didn't know any spells.
Your spell library contained the following spells:

 Spells                   Type           Power      Damage    Failure   Level
 Confusing Touch          Hex            0%         N/A       88%         3
 Gell's Gravitas          Tloc           0%         N/A       88%         3
 Teleport Other           Tloc           0%         N/A       88%         3
 Yara's Violent Unravell  Hex/Tmut       0%         3d3       100%        5
 Dispersal                Tloc           0%         N/A       100%        6
 Enfeeble                 Hex            0%         N/A       100%        7


Dungeon Overview and Level Annotations

Branches:
Dungeon (6/15)             Temple (1/1) D:6

Altars:
Ashenzari
Cheibriados
Dithmenos
Elyvilon
Fedhas
Gozag
Hepliaklqana
Kikubaaqudgha
Makhleb
Nemelex Xobeh
Okawaru
Qazlal
Ru
Sif Muna
Trog
Uskayaw
Vehumet
Wu Jian
Xom
Yredelemnul
Zin

Shops:
D:2 *   D:4 [   D:5 (


Innate Abilities, Weirdness & Mutations

You have a pair of horns on your head.
You reflexively headbutt those who attack you in melee.


Message History

The arrow hits the vampire but does no damage.
The vampire is moderately damaged.
The vampire completely misses you. The vampire closely misses you.
Non-targeted confused fire: a) +0 shortbow
Press: ? - help, Q - select action, (/) - cycle Dir - look around, f - activate You shoot an arrow.
The vampire closely misses you. The vampire barely misses you.
Non-targeted confused fire: a) +0 shortbow
Press: ? - help, Q - select action, (/) - cycle Dir - look around, f - activate You shoot an arrow.
The vampire hits you with a +0 short sword!
The vampire bites you but does no damage.
Non-targeted confused fire: a) +0 shortbow
Press: ? - help, Q - select action, (/) - cycle Dir - look around, f - activate You shoot an arrow.
The vampire hits you with a +0 short sword.
The vampire bites you!
The vampire draws strength from your injuries!
The vampire hits you with a +0 short sword!
* * * LOW HITPOINT WARNING * * *
The vampire bites you.
* * * LOW HITPOINT WARNING * * *
The vampire draws strength from your injuries!
Unknown command.
You feel better.
The vampire hits you but does no damage.
The vampire closely misses you.
Okay, then.
You feel protected. The vampire closely misses you. You furiously retaliate!
You headbutt the vampire. The vampire closely misses you.
The vampire hits you with a +0 short sword!
* * * LOW HITPOINT WARNING * * *
The vampire bites you.
* * * LOW HITPOINT WARNING * * *
The vampire draws strength from your injuries!
There is an open door, spattered with blood here.
The vampire attacks as you move away!
The vampire hits you with a +0 short sword!
You die...

... # #..... #.
#.##.... # ##.
.#..... ..#.. .....#
#. #..... ## ....#
#.##..##. #...##...
+..#.# #.
#......#########.#.#
#.
#@#.......#...###.
#.V......$#...#...
#.#.....$[#......#
#.#########......#
#..# ....'....#...
##.# ...#......##
#.#######......##
#..#.[.#..#......
##.##.##....##.#.


You could see a vampire (invisible).

Vanquished Creatures
  Pikel (D:5)
  Prince Ribbit (D:5)
  Grinder (D:6)
  Sigmund (D:5)
  Eustachio (D:6)
  A steam dragon (D:6)
  Menkaure (D:6)
  An orc warrior (D:6)
  2 ice beasts
  2 ogres (D:6)
  A centaur (D:4)
  6 phantoms
  A lemure (D:4)
  A necrophage (D:6)
  A gnoll sergeant (D:6)
  2 scorpions (D:6)
  A water moccasin zombie (D:5)
  2 bullfrog zombies (D:5)
  2 bullfrog skeletons (D:5)
  A centaur skeleton (D:5)
  3 hounds (D:5)
  An orc priest (D:6)
  4 iguanas
  A jelly (D:4)
  Natasha (thrice) (D:2)
  3 orc wizards
  13 gnolls
  2 howler monkey skeletons (D:5)
  13 adders
  A white imp (D:5)
  3 ufetubi
  3 worms
  3 dart slugs
  24 orcs
  6 endoplasms
  5 giant cockroaches
  5 goblins
  12 hobgoblins
  3 jackals (D:1)
  4 quokkas
  7 ball pythons
  5 bats
  5 frilled lizards
  7 kobolds
  4 rats
170 creatures vanquished.

Vanquished Creatures (others)
  9 withered plants (D:5)
9 creatures vanquished.

Grand Total: 179 creatures vanquished

Notes
Turn   | Place    | Note
-------+----------+-------------------------------------------
     0 | D:1      | groovy9 the Minotaur Hunter began the quest for the Orb.
     0 | D:1      | Reached XP level 1. HP: 18/18 MP: 0/0
   136 | D:1      | Reached XP level 2. HP: 20/25 MP: 1/1
   790 | D:2      | Reached skill level 5 in Ranged Weapons
   794 | D:1      | Reached XP level 3. HP: 24/30 MP: 2/2
   921 | D:2      | Noticed Natasha
   929 | D:2      | Killed Natasha
   931 | D:2      | Noticed Natasha
   945 | D:2      | Killed Natasha
   946 | D:2      | Reached XP level 4. HP: 24/38 MP: 3/3
  1143 | D:2      | Found Tionwa Nyico's General Store.
  1248 | D:2      | Found a faded altar of an unknown god.
  1336 | D:2      | Noticed Natasha
  1346 | D:2      | Killed Natasha
  1577 | D:3      | Identified a scroll of acquirement
  1577 | D:3      | Acquired a +0 pair of boots of flying
  1620 | D:3      | Reached XP level 5. HP: 46/46 MP: 4/4
  1641 | D:3      | Reached skill level 6 in Ranged Weapons
  2278 | D:2      | Bought a potion of mutation for 104 gold pieces
  2773 | D:4      | Found the +4 dagger "Morg" {pain, Will+ Int+5}
  2808 | D:4      | Found Nesif's Antique Armour Boutique.
  2973 | D:4      | Reached XP level 6. HP: 52/52 MP: 5/5
  3318 | D:5      | Entered Level 5 of the Dungeon
  3489 | D:5      | Reached skill level 7 in Ranged Weapons
  3497 | D:5      | Noticed Prince Ribbit
  3612 | D:5      | Noticed Sigmund
  3625 | D:5      | Killed Sigmund
  3626 | D:5      | Reached skill level 5 in Fighting
  3626 | D:5      | Reached XP level 7. HP: 56/61 MP: 6/6
  3652 | D:5      | Reached skill level 5 in Dodging
  3741 | D:5      | Reached skill level 8 in Ranged Weapons
  3847 | D:5      | Reached XP level 8. HP: 66/70 MP: 7/7
  4289 | D:5      | Found a burning altar of Makhleb.
  4290 | D:5      | Noticed a balrug
  4294 | D:5      | Noticed an orange demon
  4730 | D:4      | Reached skill level 9 in Ranged Weapons
  4742 | D:5      | Found Haimp's Antique Weapon Shop.
  4771 | D:5      | Killed Prince Ribbit
  5110 | D:6      | Reached skill level 10 in Ranged Weapons
  5250 | D:6      | Reached XP level 9. HP: 43/79 MP: 8/8
  5482 | D:6      | HP: 3/79 [phantom (3)]
  6065 | D:6      | Noticed Grinder
  6076 | D:6      | Paralysed by Grinder for 2 turns
  6080 | D:6      | Killed Grinder
  6223 | D:6      | Found a staircase to the Ecumenical Temple.
  6247 | Temple   | Entered the Ecumenical Temple
  6391 | Temple   | Became a worshipper of Hepliaklqana the Forgotten
  6755 | D:6      | Noticed Menkaure
  6876 | D:5      | Noticed Pikel
  6888 | D:5      | Killed Pikel
  6889 | D:5      | Reached skill level 11 in Ranged Weapons
  7078 | D:6      | Noticed Eustachio
  7098 | D:6      | Killed Eustachio
  7437 | D:6      | Killed Menkaure
  8114 | D:5      | Slain by a vampire

Illustrated notes

Levels and vault maps discovered:
D:1:      doesnt_arrival_eight_statues, layout_basic, reono_crystal_passage,
          minmay_tetromino_l4
D:2:      layout_rooms, serial_shops, nicolae_shop_stone,
          chequers_ecumenical_altar_simple, uniq_natasha
D:3:      layout_loops_corners
D:4:      layout_cave_pools, chequers_serial_rivers_micro_b,
          kennysheep_windowed_goal
D:5:      layout_cave_pools, makhleb_altar_promises_db, serial_undead,
          serial_undead_e, serial_undead_e, serial_undead_b, serial_undead_a,
          serial_shops, shop, hangedman_abyss_or_decor_lesser_grid,
          minmay_divided_ellipse, uniq_sigmund, uniq_pikel, uniq_prince_ribbit1
D:6:      layout_rooms, minmay_temple_entry_glass, roderic_roman_lattice,
          minmay_misc_feat_columns, uniq_eustachio, uniq_menkaure, uniq_grinder
Temple:   mainiacjoe_temple_big_plus

Skill      XL: |  1  2  3  4  5  6  7  8  9 |
---------------+----------------------------+-----
Ranged Weapons | 5 6 7 8 10 11 | 11.8
Fighting       | 3 4 5 6 7 8 |  8.8
Dodging        | 3 4 5 6 8 |  8.1
Stealth        | |  0.7

Action                   |  1- 3 |  4- 6 |  7- 9 || total
-------------------------+-------+-------+-------++-------
 Fire: Shortbow          |    85 |   227 |   485 ||   797
  Use: Scroll            |     5 |    10 |     7 ||    22
       Potion            |       |       |     6 ||     6
Armor: Leather armour    |     6 |    24 |    33 ||    63
       Skin              |       |       |    41 ||    41
Dodge: Dodged            |    24 |    90 |   254 ||   368
